 Dungeon Crawl Stone Soup version 0.17-a0-473-gfd9ac06 (console) character file.

90 MrRokkomies the Conjurer (level 4, 0/29 HPs)
             Began as an Octopode Wizard on Apr 7, 2015.
             Was an Initiate of Sif Muna.
             Killed by nerve-wracking pain
             ... invoked by an orc priest
              (12 damage)
             ... on level 3 of the Dungeon.
             The game lasted 00:19:32 (2643 turns).

MrRokkomies the Conjurer (Octopode Wizard)          Turns: 2643, Time: 00:19:32

Health: 0/29       AC:  1    Str:  6    XL:     4   Next: 56%
Magic:  5/8        EV: 12    Int: 21    God:    Sif Muna [......]
Gold:   173        SH:  0    Dex: 10    Spells: 4 memorised, 2 levels left

rFire  . . .     SeeInvis .     o - +0 quarterstaff
rCold  . . .     Clarity  .     (no shield)
rNeg   . . .     SustAb   .     b - +0 hat
rPois  .         Gourm    .     (no amulet)
rElec  .         Spirit   .     (no ring)
rCorr  .         Warding  .     (no ring)
rMut   .         Stasis   .     (no ring)
MR     .....                    (no ring)
Stlth  +++.......               (no ring)
                                (no ring)
                                (no ring)
                                (no ring)

@: repel missiles, not resistant to hostile enchantments, fairly stealthy
A: almost no armour, amphibious, 8 rings, constrict 8, tentacle spike 1,
camouflage 1, robust 1, gelatinous body 1, placid magic 1
a: Renounce Religion


You were on level 3 of the Dungeon.
You worshipped Sif Muna.
Sif Muna was noncommittal.
You were not hungry.

You visited 1 branch of the dungeon, and saw 3 of its levels.

You collected 173 gold pieces.

Inventory:

Hand weapons
 o - a +0 quarterstaff (weapon)
Armour
 b - a +0 hat (worn)
Scrolls
 e - a scroll of remove curse
 k - a scroll of fog
 m - a scroll of enchant armour {unknown}
Potions
 a - 2 potions of curing
 g - 2 potions of lignification {unknown}
 h - a potion of flight
 i - a potion of might {unknown}
 j - a potion of resistance
Books
 c - a book of Minor Magic

   Spells                             Type                      Level
   a - Magic Dart                     Conjuration                  1
   b - Blink                          Translocation                2
   c - Call Imp                       Summoning                    2
   d - Repel Missiles                 Charms/Air                   2
   e - Slow                           Hexes                        2
   f - Conjure Flame                  Conjuration/Fire             3
   g - Mephitic Cloud                 Conjuration/Poison/Air       3
Comestibles
 d - 5 bread rations
 f - a beef jerky
 l - a slice of pizza


   Skills:
 - Level 2.0 Dodging
 - Level 2.6 Stealth
 - Level 3.0 Spellcasting
 * Level 3.2 Conjurations
 - Level 1.0 Summonings
 - Level 2.2 Translocations
 * Level 1.2 Air Magic


You had 2 spell levels left.
You knew the following spells:

 Your Spells              Type           Power        Failure   Level  Hunger
a - Magic Dart            Conj           ##..         1%          1    None
b - Blink                 Tloc           N/A          4%          2    ##.....
c - Repel Missiles        Chrm/Air       #.....       9%          2    ##.....
d - Call Imp              Summ           #.......     7%          2    ##.....


Dungeon Overview and Level Annotations

Branches:
Dungeon (3/15)

Altars:
Sif Muna
Trog


Innate Abilities, Weirdness & Mutations

You cannot wear most types of armour.
You are amphibious.
You can wear up to eight rings at the same time.
You can use your tentacles to constrict eight enemies at once.
Your skin changes colour to match your surroundings (Stealth).
Your rubbery body absorbs attacks (AC +1).
One of your tentacles bears a spike.
You are robust (+10% HP).
Your spells are a little easier to cast, but a little less powerful.


Message History

Casting: Magic Dart
Confirm with . or Enter, or press ? or * to list all spells.
Aiming: Magic Dart
Press: ? - help, Shift-Dir - straight line, f/p - orc priest
Aim: an orc priest (lightly wounded)
The magic dart hits the orc priest.
The orc priest is heavily wounded.
The orc priest calls down the wrath of Beogh upon you.
Something smites you!
Ouch! That really hurt!
Casting: Magic Dart
Confirm with . or Enter, or press ? or * to list all spells.
Aiming: Magic Dart
Press: ? - help, Shift-Dir - straight line, f/p - orc priest
Aim: an orc priest (heavily wounded)
The magic dart hits the orc priest.
The orc priest is almost dead.
The orc priest invokes the aid of Beogh against you.
Pain shoots through your body!
You die...

########### ..##.(....###
77...[......# ≈7..........#
777#..)[..######(.g 77
#..####...^...# P7
777###..##########
≈7777P#...## ###....##
≈≈≈.....### #.......#
†7PPP7### ####.#@...##
777777#####....##.###
77†77.......#####.#
≈7....###########.#######
77......................##o
77....##..........o........
##....#..##...............<.
##...(#.###########.....o...
##....#.# #......o..
##.###.# ##.......


You could see an orc priest.

Vanquished Creatures
  2 adders (D:2)
  2 worms
  3 giant geckos (D:1)
  2 orcs (D:3)
  A ball python (D:1)
  7 bats
  3 giant cockroaches (D:1)
  3 goblins
  6 hobgoblins
  3 jackals (D:3)
  7 kobolds
  2 giant newts (D:1)
  2 quokkas
  10 rats
53 creatures vanquished.

Notes
Turn   | Place    | Note
--------------------------------------------------------------
     0 | D:1      | MrRokkomies, the Octopode Wizard, began the quest for the Orb.
     0 | D:1      | Reached XP level 1. HP: 11/11 MP: 4/4
   108 | D:1      | Reached XP level 2. HP: 9/17 MP: 0/6
   172 | D:1      | Learned a level 2 spell: Blink
   175 | D:1      | Learned a level 2 spell: Repel Missiles
   178 | D:1      | Learned a level 2 spell: Call Imp
   601 | D:1      | Reached XP level 3. HP: 21/21 MP: 5/7
  1204 | D:2      | Gained mutation: You are robust (+10% HP). [potion of mutation]
  1204 | D:2      | Gained mutation: Your spells are a little easier to cast, but a little less powerful. [potion of mutation]
  1204 | D:2      | Gained mutation: One of your tentacles bears a spike. [potion of mutation]
  1337 | D:2      | Reached XP level 4. HP: 21/29 MP: 4/8
  1541 | D:2      | Found a bloodstained altar of Trog.
  1550 | D:2      | Found a deep blue altar of Sif Muna.
  1761 | D:3      | Reached skill level 1 in Air Magic
  2168 | D:2      | Became a worshipper of Sif Muna the Loreminder
  2643 | D:3      | Killed from afar by an orc priest

Action                   |  1- 3 |  4- 6 || total
-------------------------+-------+-------++-------
Melee: Dagger            |    51 |       ||    51
       Unarmed           |     7 |       ||     7
       Short sword       |     9 |     3 ||    12
       Long sword        |       |    31 ||    31
 Cast: Magic Dart        |    51 |    27 ||    78
       Repel Missiles    |     1 |       ||     1
  Use: Scroll            |     9 |     2 ||    11
       Potion            |     2 |       ||     2
 Stab: Distracted        |       |     1 ||     1
  Eat: Chunk             |     1 |     4 ||     5
